 Dungeon Crawl Stone Soup version 0.31-a0-331-geda263fcf1 (webtiles) character file.

Game seed: 12284654674404978242

753 mopl the Ruffian (level 7, 0/47 HPs)
             Began as an Octopode Shapeshifter on July 19, 2023.
             Was a Follower of Uskayaw.
             Slain by a bullfrog (3 damage)
             ... on level 6 of the Dungeon.
             The game lasted 00:03:57 (3304 turns).

mopl the Ruffian (Octopode Shapeshifter)            Turns: 3304, Time: 00:03:58

Health: 0/47       AC:  1    Str: 15    XL:     7   Next: 78%
Magic:  7/7        EV: 14    Int: 10    God:    Uskayaw [*.....]
Gold:   260        SH:  0    Dex: 14    Spells: 6/6 levels left

rFire   . .          .
                       - Unarmed
rCold   . . .        (no shield)
rNeg    . . .        (helmet currently unavailable)
rPois   .            (no amulet)
rElec   .            o - ring of resist corrosion
rCorr   +            (no ring)
SInv    .            (no ring)
Will    .....        (no ring)
Stlth   ++           (no ring)
HPRegen 0.27/turn    (no ring)
MPRegen 0.10/turn    (no ring)
                     (no ring)

%: no passive effects
@: beast-form
A: beast (slay +3), almost no armour, amphibious, 8 rings, camouflage 1,
gelatinous body 1, (nimble swimmer 1), tentacles
a: Begin Untransformation, Renounce Religion, Stomp


You were on level 6 of the Dungeon.
You worshipped Uskayaw.
Uskayaw was noncommittal.
You were a hulking beast.
You visited 2 branches of the dungeon, and saw 7 of its levels.

You collected 260 gold pieces.

Inventory:

Missiles
 i - 2 poisoned darts (quivered)
 n - 5 javelins
Jewellery
 o - a ring of resist corrosion (left tentacle)
Talismans
 b - a beast talisman
Wands
 d - a wand of flame (15)
 j - a wand of roots (8)
Scrolls
 f - 6 scrolls of teleportation
 g - a scroll of amnesia
 h - a scroll of vulnerability
 l - a scroll of blinking
 p - a scroll of fog {unknown}
 q - a scroll of identify
Potions
 a - a potion of lignification {!q}
 c - a potion of haste
 e - 3 potions of might
 k - 3 potions of curing
 m - 2 potions of brilliance


   Skills:
 + Level 3.8 Fighting
 + Level 3.8 Dodging
 * Level 5.1 Unarmed Combat
 + Level 1.0 Invocations
 * Level 5.0 Shapeshifting


You had 6 spell levels left.
You didn't know any spells.
Your spell library contained the following spells:

 Spells                   Type           Power      Damage    Failure   Level
 Foxfire                  Conj/Fire      0%         2x1d4     36%         1
 Magic Dart               Conj           0%         1d3       36%         1
 Searing Ray              Conj           0%         2d4       50%         2
 Stone Arrow              Conj/Erth      0%         3d7       75%         3
 Fulminant Prism          Conj/Hex       0%         3d5       98%         4
 Plasma Beam              Fire/Air       0%         2x1d10    100%        6
 Starburst                Conj/Fire      0%         6d3       100%        6
 Lehudib's Crystal Spear  Conj/Erth      0%         10d2      100%        8
 Animate Armour           Summ/Erth      Unusable   N/A       N/A         4

Dungeon Overview and Level Annotations

Branches:
Dungeon (6/15)             Temple (1/1) D:5

Altars:
Ashenzari
Cheibriados
Dithmenos
Hepliaklqana
Makhleb
Nemelex Xobeh
Okawaru
Trog
Uskayaw
Vehumet
Wu Jian
Yredelemnul
The Shining One

Shops:
D:4 :


Innate Abilities, Weirdness & Mutations

You are a hulking beast.
Your limbs bulge with bestial killing power. (Slay +3)
You cannot wear most types of armour.
You are amphibious.
You can wear up to eight rings at the same time.
Your skin changes colour to match your surroundings (Stealth+).
Your rubbery body absorbs attacks. (AC +1, EV +1)
((You are camouflaged when in or above water. (Stealth+)))
You have tentacles for arms and can constrict up to eight enemies at once.


Message History

The white imp gestures at you. The puff of frost hits you!
A bullfrog comes into view.
The bullfrog croaks.
The white imp gestures at you. The puff of frost misses you.
The white imp gestures at you. The puff of frost hits you.
An ice beast comes into view.
The bullfrog closely misses you. The white imp gestures at you.
The puff of frost hits you!
You tentacle-slap the bullfrog. Your grab misses the bullfrog.
The bullfrog is lightly wounded.
The bullfrog barely misses you.
You closely miss the bullfrog. Your grab misses the bullfrog.
Your squeeze misses the bullfrog.
The bullfrog is lightly wounded.
The bullfrog hits you. The white imp gestures at you.
The puff of frost misses you. The bullfrog hits you.
You tentacle-slap the white imp. Your grab misses the white imp.
The white imp is moderately wounded.
The white imp hits you. The white imp freezes you.
The bullfrog closely misses you. The white imp attacks as you move away!
The white imp closely misses you. The bullfrog attacks as you move away!
The bullfrog barely misses you. The bullfrog misses you.
You feel your willpower return. The bullfrog hits you!
* * * LOW HITPOINT WARNING * * *
The bullfrog attacks as you move away! The bullfrog hits you!
* * * LOW HITPOINT WARNING * * *
You barely miss the bullfrog. You grab the bullfrog. You squeeze the bullfrog.
The bullfrog is moderately wounded.
You constrict the bullfrog. The bullfrog closely misses you.
You tentacle-slap the bullfrog. You squeeze the bullfrog.
The bullfrog is severely wounded.
You constrict the bullfrog. The bullfrog hits you.
You die...

######### #.......#
#.......#
#..$....## ###
#........# ##.##
....>....#####.#.##
#.......Y5Fh..###.#
........######.#.##
#.####### ##.##
###.### #.....#
####.###.# #....#
#.# #.##.###.#
#.##.....#


You could see an ice beast, a bullfrog and a white imp.

Vanquished Creatures
  Grinder (D:4)
  2 black bears
  A scorpion (D:5)
  3 hounds
  Crazy Yiuf (D:2)
  An orc priest (D:3)
  Jessica (D:2)
  An iguana (D:4)
  5 adders
  An ufetubus (D:5)
  A worm (D:4)
  6 orcs
  8 ball pythons
  8 endoplasms
  4 giant cockroaches
  6 goblins
  4 hobgoblins (D:3)
  4 jackals (D:4)
  2 quokkas
  3 bats
  A frilled lizard (D:1)
  5 kobolds
  3 rats
72 creatures vanquished.

Notes
Turn   | Place    | Note
-------+----------+-------------------------------------------
     0 | D:1      | mopl the Octopode Shapeshifter began the quest for the Orb.
     0 | D:1      | Reached XP level 1. HP: 14/14 MP: 1/1
   150 | D:1      | Found a faded altar of an unknown god.
   269 | D:1      | Reached XP level 2. HP: 19/19 MP: 2/2
   577 | D:2      | Noticed Jessica
   583 | D:2      | Killed Jessica
   584 | D:2      | Reached XP level 3. HP: 24/24 MP: 3/3
  1011 | D:2      | Found a runed translucent door.
  1012 | D:2      | Noticed Crazy Yiuf
  1020 | D:2      | Killed Crazy Yiuf
  1021 | D:2      | Reached skill level 3 in Unarmed Combat
  1021 | D:2      | Reached XP level 4. HP: 3/30 MP: 4/4
  1232 | D:3      | Reached XP level 5. HP: 23/35 MP: 5/5
  1408 | D:3      | Found a radiant altar of Vehumet.
  1465 | D:3      | Identified the +0 pair of boots of the Game of Kings {Fly}
  1514 | D:3      | Noticed a black bear
  1522 | D:3      | Killed a black bear
  1523 | D:3      | Reached skill level 3 in Dodging
  1523 | D:3      | Reached skill level 4 in Shapeshifting
  1616 | D:3      | Reached skill level 3 in Fighting
  1616 | D:3      | Reached XP level 6. HP: 42/42 MP: 6/6
  2166 | D:4      | Reached skill level 4 in Unarmed Combat
  2310 | D:4      | Noticed Grinder
  2319 | D:4      | Killed Grinder
  2320 | D:4      | Reached XP level 7. HP: 5/46 MP: 7/7
  2495 | D:4      | Found Feuphoim's Book Shoppe.
  2722 | D:5      | Entered Level 5 of the Dungeon
  2751 | D:5      | Found a staircase to the Ecumenical Temple.
  2764 | Temple   | Entered the Ecumenical Temple
  2787 | Temple   | Became a worshipper of Uskayaw the Reveller
  2862 | D:5      | Reached * piety under Uskayaw
  2962 | D:5      | Reached ** piety under Uskayaw
  3007 | D:5      | Reached skill level 5 in Unarmed Combat
  3007 | D:5      | Reached skill level 1 in Invocations
  3007 | D:5      | Reached skill level 5 in Shapeshifting
  3302 | D:6      | HP: 2/47 [bullfrog (8)]
  3304 | D:6      | Slain by a bullfrog

Illustrated notes

Levels and vault maps discovered:
D:1:      tekkud_arrival_beachfront_property, layout_rooms,
          shapermc_ecumenical_altar_mp_highgroup
D:2:      layout_basic, uniq_jessica, uniq_crazy_yiuf_cottage
D:3:      minmay_general_purpose_star, layout_loops_cross, vehumet_crystals
D:4:      minmay_door_path, layout_rooms, serial_shops, shop, uniq_grinder
D:5:      layout_cave_pools, minmay_temple_entry_large_hall
D:6:      layout_loops_cross, pdpol_temple_overflow_zin_treasury_gozag_greed,
          grunt_qazlal_clouds, mainiacjoe_overflow_brackets
Temple:   nicolae_temple_hex_pool

Skill      XL: |  1  2  3  4  5  6  7 |
---------------+----------------------+-----
Unarmed Combat | 3 4 5 |  5.1
Dodging        | 3 |  3.8
Shapeshifting  | 4 5 |  5.0
Fighting       | 3 |  3.8
Invocations    | 1 |  1.0

Action                     |  1- 3 |  4- 6 |  7- 9 || total
---------------------------+-------+-------+-------++-------
  Melee: Unarmed           |    44 |    65 |    33 ||   142
         Tentacles         |     8 |    17 |     9 ||    34
         Constrict         |     5 |    23 |     7 ||    35
    Use: Scroll            |     1 |     4 |     4 ||     9
   Stab: Sleeping          |     8 |     7 |     7 ||    22
         Distracted        |     1 |       |       ||     1
 Armour: Skin              |     2 |     2 |     2 ||     6
  Dodge: Dodged            |    16 |    26 |    26 ||    68

Table legend: (Time is in decaauts)
 A = Elapsed time spent in this place.
 B = Non-inter-level travel time spent in this place.
 C = Inter-level travel time spent in this place.
 D = Time resting spent in this place.
 E = Time spent auto-exploring this place.
 F = Levels seen in this place.
 G = Mean time per level.
                   A        B        C        D        E       F      G
               +--------+--------+--------+--------+--------+-----+--------+
         Total |   3294 |   3136 |    158 |    463 |   2113 |   7 |  470.6 |
       Dungeon |   3247 |   3112 |    135 |    463 |   2113 |   6 |  541.2 |
        Temple |     46 |     23 |     23 |      0 |      0 |   1 |   46.0 |
               +--------+--------+--------+--------+--------+-----+--------+

Top non-repeatable levels by time:
     D:4: 755 daAuts
     D:3: 752 daAuts
     D:2: 743 daAuts
     D:5: 487 daAuts
     D:1: 462 daAuts
  Temple: 46 daAuts
     D:6: 46 daAuts
